 Dungeon Crawl Stone Soup version 0.20-a0-754-g13ddd6e (webtiles) character file.

1113 esteth the Magician (level 8, -3/41 HPs)
             Began as a Deep Elf Fire Elementalist on Feb 26, 2017.
             Was an Initiate of Vehumet.
             Shot with an arrow by a centaur (12 damage)
             ... on level 7 of the Dungeon.
             The game lasted 00:15:42 (4733 turns).

esteth the Magician (Deep Elf Fire Elementalist)    Turns: 4733, Time: 00:15:42

Health: -3/41      AC:  4    Str:  5    XL:     8   Next: 11%
Magic:  18/20      EV: 13    Int: 23    God:    Vehumet [......]
Gold:   349        SH:  0    Dex: 15    Spells: 8/21 levels left

rFire    . . .     SeeInvis +   (no weapon)
rCold    . . .     Gourm    .   a - +1 robe
rNeg     . . .     Faith    .   (no shield)
rPois    .         Spirit   .   (no helmet)
rElec    .         Reflect  .   (no cloak)
rCorr    .         Harm     .   (no gloves)
MR       +....                  k - +0 pair of boots
Stlth    ++........             (no amulet)
Regen    0.2/turn               m - ring of see invisible
MPRegen  0.2/turn               h - ring of protection from magic

@: marked
A: no striking features
a: Renounce Religion


You were on level 7 of the Dungeon.
You worshipped Vehumet.
Vehumet was noncommittal.
You were hungry.

You visited 2 branches of the dungeon, and saw 8 of its levels.

You collected 349 gold pieces.

Inventory:

Armour
 a - a +1 robe (worn)
 k - a +0 pair of boots (worn)
Jewellery
 h - a ring of protection from magic (left hand)
 m - a ring of see invisible (right hand)
 n - an uncursed ring of protection from fire
Scrolls
 j - 2 scrolls of teleportation
 p - a scroll of identify
 q - a scroll of fog
Potions
 e - a potion of haste
 f - 2 potions of lignification
 o - a potion of heal wounds
 r - a potion of brilliance
Books
 b - a book of Flames

   Spells                             Type                      Level
   a - Flame Tongue                   Conjuration/Fire             1
   b - Throw Flame                    Conjuration/Fire             2
   c - Conjure Flame                  Conjuration/Fire             3
   d - Inner Flame                    Hexes/Fire                   3
   e - Sticky Flame                   Conjuration/Fire             4
   f - Fireball                       Conjuration/Fire             5
Comestibles
 c - 3 bread rations
 d - 5 royal jellies
 g - 2 meat rations


   Skills:
 - Level 2.4 Dodging
 - Level 2.4 Stealth
 - Level 7.2 Spellcasting
 - Level 7.1 Conjurations
 + Level 6.2 Fire Magic


You had 8 spell levels left.
You knew the following spells:

 Your Spells              Type           Power        Failure   Level  Hunger
a - Flame Tongue          Conj/Fire      #####        1%          1    None
b - Inner Flame           Hex/Fire       ###.....     10%         3    None
c - Fireball              Conj/Fire      #####.....   14%         5    #####..
d - Sticky Flame          Conj/Fire      #####...     6%          4    ###....


Dungeon Overview and Level Annotations

Branches:
Dungeon (7/15)             Temple (1/1) D:5

Altars:
Ashenzari
Elyvilon
Fedhas
Gozag
Hepliaklqana
Makhleb
Nemelex Xobeh
Okawaru
Qazlal
Ru
Trog
Vehumet
Wu Jian
Xom
Yredelemnul
Zin
The Shining One

Annotations:
D:3 Sigmund
D:5 exclusion: water moccasin


Message History

Aiming: Flame Tongue
Press: ? - help, Shift-Dir - straight line, f/p - ogre
Aim: an ogre, wielding a giant club (moderately wounded)
The flame tongue hits the ogre.
The ogre is severely wounded.
Casting: Flame Tongue
Confirm with . or Enter, or press ? or * to list all spells.
Aiming: Flame Tongue
Press: ? - help, Shift-Dir - straight line, f/p - ogre
Aim: an ogre, wielding a giant club (severely wounded)
The flame tongue hits the ogre.
You kill the ogre!
Vehumet accepts your kill.
Your Fire Magic skill increases to level 6!
A centaur comes into view.
The centaur wields a shortbow.
The centaur shoots an arrow.
The arrow hits you!
The centaur shoots an arrow.
The arrow hits you!
* * * LOW HITPOINT WARNING * * *
The centaur shoots an arrow.
The arrow hits you!
You die...

####
####..########
###.....@.......
#.............##
.........######
.....)..##
##.......
##.......
#........
#c........
......#####


You could see a centaur.

Vanquished Creatures
  The ghost of Sapher the Ruffian, a novice GrTm (D:6)
  An ice beast (D:6)
  An ogre (D:7)
  2 bullfrogs (D:6)
  4 scorpions
  A howler monkey (D:4)
  A hound (D:5)
  A jelly (D:6)
  A centaur skeleton (D:4)
  An iguana (D:5)
  3 worker ants (D:5)
  A hound skeleton (D:4)
  Robin (D:3)
  4 adders
  An ooze (D:2)
  An adder skeleton (D:6)
  4 worms
  A leopard gecko (D:3)
  5 orcs
  A giant cockroach (D:2)
  12 goblins
  10 hobgoblins
  A ball python (D:2)
  11 bats
  9 frilled lizards
  5 kobolds
  A quokka zombie (D:5)
  10 rats
95 creatures vanquished.

Notes
Turn   | Place    | Note
-------+----------+-------------------------------------------
     0 | D:1      | esteth the Deep Elf Fire Elementalist began the quest for the Orb.
     0 | D:1      | Reached XP level 1. HP: 10/10 MP: 6/6
   357 | D:1      | Reached XP level 2. HP: 15/15 MP: 6/8
  1064 | D:2      | Reached XP level 3. HP: 19/19 MP: 7/9
  2005 | D:3      | Found a hazy altar of Hepliaklqana.
  2008 | D:3      | Found an opulent altar of Gozag.
  2008 | D:3      | Found a sacrificial altar of Ru.
  2011 | D:3      | Found a shimmering altar of Xom.
  2131 | D:3      | Noticed Robin
  2230 | D:3      | Reached XP level 4. HP: 10/24 MP: 0/10
  2264 | D:3      | Killed Robin
  2676 | D:3      | Noticed Sigmund
  3000 | D:4      | Reached skill level 5 in Conjurations
  3002 | D:4      | Reached XP level 5. HP: 28/28 MP: 6/11
  3266 | D:4      | Reached XP level 6. HP: 32/32 MP: 8/12
  3285 | D:4      | Learned a level 3 spell: Inner Flame
  3291 | D:4      | Learned a level 5 spell: Fireball
  3484 | D:5      | Entered Level 5 of the Dungeon
  3486 | D:5      | Found a staircase to the Ecumenical Temple.
  3499 | Temple   | Entered the Ecumenical Temple
  3509 | Temple   | Became a worshipper of Vehumet
  3716 | D:5      | Noticed a water moccasin
  4017 | D:6      | Reached skill level 5 in Spellcasting
  4142 | D:6      | Noticed Sapher's ghost (novice GrTm)
  4155 | D:6      | Killed Sapher's ghost
  4155 | D:6      | Reached XP level 7. HP: 19/36 MP: 6/19
  4239 | D:6      | Learned a level 4 spell: Sticky Flame
  4383 | D:6      | Reached skill level 5 in Fire Magic
  4460 | D:6      | Reached XP level 8. HP: 27/41 MP: 12/20
  4733 | D:7      | Shot with an arrow by a centaur

Vault maps used:
D:1:      scummos_arrival_simple_crosswalls
D:2:      minmay_pentomino_s4
D:3:      grunt_temple_overflow_open, uniq_robin, uniq_sigmund
D:4:      first_bread, corexii_leaking_fountain
D:5:      temple_green, basic_altar, minmay_door_square
D:6:      serial_shops, kennysheep_mini_moat, grunt_decor_arrowhead,
          minmay_ogre_servants, uniq_menkaure
D:7:      serial_bayou, serial_bayou_shore_b, serial_bayou_pond_e,
          serial_bayou_crossing, serial_bayou_shore_a, grunt_ogre_cave,
          minivault_4
Temple:   cyrus_circular_temple

Skill      XL: |  1  2  3  4  5  6  7  8 |
---------------+-------------------------+-----
Conjurations   | 2 3 4 5 6 7 |  7.1
Spellcasting   | 7 |  7.2
Fire Magic     | 5 6 |  6.2
Dodging        | |  2.4
Stealth        | |  2.4

Action                   |  1- 3 |  4- 6 |  7- 9 || total
-------------------------+-------+-------+-------++-------
Melee: Unarmed           |     6 |       |    32 ||    38
 Cast: Flame Tongue      |    92 |    82 |    22 ||   196
       Sticky Flame      |       |       |     2 ||     2
       Inner Flame       |       |       |     1 ||     1
  Use: Scroll            |     7 |     4 |       ||    11
       Potion            |       |    10 |     2 ||    12
  Eat: Chunk             |     3 |     6 |     2 ||    11
Armor: Robe              |     9 |     6 |    17 ||    32
Dodge: Dodged            |    26 |    16 |    17 ||    59
